Arrhythmia, chaotic female vampiric Convict ------ --.--.-- --...@@.| |....)|.-- |.....|-- --- |--.--- |...- |...| --....|---.--- |....(||...| -- --....-|.--- - --.-- --....|.| -.-- --|...--- |......| |.+--- --.--.....----......| |-..). ..--- ...........)......--. --...........| --........---..... |............-- ---...... .-- |.... |........%....----------..... --.. --............).......)..... -------..| ..---------..-- - - |..| Arrhythmia the Jail-bird Experience level: 9 Strength: 15 Dexterity: 12 Constitution: 17 Intelligence: 11 Wisdom: 11 Charisma: 12 Health: 0(78) Energy: 42(42) AC: -3 Gold: 542 Moves: 6332 Your Inventory: Coins $ - 542 gold pieces Weapons m - an [uncursed +0] broad pick [dwarvish mattock] (alternate weapon; not wielded) Armor b - an uncursed +0 striped shirt (being worn) l - an [uncursed] +0 pair of gloves called Regular [leather] (being worn) o - an uncursed very burnt +0 pair of gloves called Regular [leather] v - a blessed +1 elven mithril-coat (being worn) y - an uncursed +1 hooded cloak [dwarvish] (being worn) U - a blessed +1 pair of hard shoes [iron] (being worn) W - a blessed +0 shield of reflection (being worn) Comestibles d - an [uncursed] Hot Futa Mare Dick Rings i - an uncursed ring of shock resistance k - an uncursed ring of fire resistance (on left hand) E - an uncursed amber ring [of teleport control] (on right hand) Tools f - an [uncursed +0] unicorn horn g - an uncursed stethoscope j - 3 [uncursed] partly used [tallow] candles (lit) n - an [uncursed wax] candle D - an uncursed looking glass [mirror] H - an uncursed skeleton key Gems h - an [uncursed] yellowish brown gem [worthless glass] O - an [uncursed] green gem [worthless glass] Spells known in the end: Name Level Category Fail Memory Your skills at the end: Fighting Skills Weapon Skills sling [Basic / Skilled] Spellcasting Skills Final Attributes: You were piously aligned. Hunger level was 847. Your alignment was 34 / 41. Monster difficulty range was 1 - 9. Level difficulty was 9. You were immune to fire. You were immune to poison. You were immune to level-drain. You were immune to sickness. You had teleport control. You could fly. You could survive without air. You regenerated. You had reflection. Your luck was zero. You are dead. Vanquished creatures: a tengu 3 watchmen 2 chameleons a lynx a mumak 2 vampire bats a gnome king 2 owlbears a gold golem a dog 2 dingos a housecat a white unicorn a snake 3 fire ants a snow ant a bugbear an imp 8 gnome lords a gnomish wizard a black naga hatchling 5 giant ants 2 floating eyes 9 dwarves a kobold lord 2 hill orcs 2 rothes a rabid rat a monkey a wererat 2 iguanas 5 killer bees 2 acid blobs 3 coyotes a gas spore 2 hobbits a cave spider a brown mold a yellow mold 3 red molds 40 gnomes 6 geckos 2 jackals 2 kobolds 3 grid bugs 3 lichens 5 newts 142 creatures vanquished. Voluntary challenges: You went without food. You never hit with a wielded weapon. You read items or engraved 13 times. You put on armor 19 times. You never genocided any monsters. You never polymorphed an object. You never changed form. You used no wishes. You abstained from Elbereth's help. You never encountered a bones level. You never used any Sokoban shortcuts. Dungeon overview: The Dungeons of Doom: levels 1 to 4 Level 1 a long staircase Level 2 an armor shop, a fountain Level 3 an altar to Tymora Level 4 stairs to The Gnomish Mines The Gnomish Mines: levels 5 to 9 Level 5 stairs to The Dungeons of Doom Level 8 some shops, some fountains, some trees Level 9 <- You were here History has recorded: On T:1 you entered the Dungeons of Doom to retrieve the Amulet of Yendor! On T:295 you reached level 2 of The Dungeons of Doom. On T:704 you advanced to experience level 2. On T:877 you advanced to experience level 3. On T:1123 you reached level 3 of The Dungeons of Doom. On T:1370 you advanced to experience level 4. On T:1575 you reached level 4 of The Dungeons of Doom. On T:2132 you reached level 1 of The Gnomish Mines. On T:2146 you advanced to experience level 5. On T:2266 you advanced to experience level 6. On T:2887 you reached level 2 of The Gnomish Mines. On T:3100 you advanced to experience level 7. On T:3214 you reached level 3 of The Gnomish Mines. On T:3674 you reached level 4 of The Gnomish Mines. On T:3883 you advanced to experience level 8. On T:5799 you advanced to experience level 9. On T:6179 you reached level 5 of The Gnomish Mines. Latest messages: The watch captain misses. The watch captain swings his silver saber. The silver sears your flesh! The watch captain hits! [HP-22=45] You miss the watch captain. (2x) The watch captain swings his silver saber. The silver sears your flesh! The watch captain hits! The watch captain swings his silver saber. The silver sears your flesh! The watch captain hits! [HP-40=5] You don't have anything to drink. You don't know any spells right now. Raising your wand of magic missile high above your head, you break it in two! But nothing else happens... The watch captain swings his silver saber. The silver sears your flesh! The watch captain hits! You die... Final status: Goodbye Arrhythmia the Convict... You died in The Gnomish Mines on dungeon level 9 with 8170 points, and 542 pieces of gold, after 6332 moves. You were level 9 with a maximum of 78 hit points when you died.